 Dungeon Sprint DCSS version 0.31.0-9-g3a7656b989 (webtiles) character file.

Game seed: 17426806443464148320

1383 Heoruswealwe the Impaler (level 8, -7/83 HPs)
             Began as a Minotaur Fighter on Feb 1, 2024.
             Was an Initiate of Gozag.
             Killed by divine providence
             ... invoked by a meliai
              (14 damage)
             ... in the Dungeon (Sprint IX: "|||||||||||||||||||||||||||||").
             The game lasted 00:03:39 (381 turns).

Heoruswealwe the Impaler (Minotaur Fighter)          Turns: 381, Time: 00:03:40

Health: -7/83      AC: 13    Str: 26    XL:     8   Next: 40%
Magic:  7/7        EV: 10    Int:  5    God:    Gozag
Gold:   522        SH:  0    Dex: 10    Spells: 7/7 levels left

rFire   . . .        b - +2 halberd (venom)
rCold   . . .        (shield currently unavailable)
rNeg    . . .        c - +1 scale mail
rPois   .            (helmet restricted)
rElec   .            (no cloak)
rCorr   .            f - +0 pair of gloves
SInv    .            e - +0 pair of boots
Will    .....        (no amulet) Stlth
                     k - +3 ring of strength
HPRegen 0.33/turn    (no ring)
MPRegen 0.10/turn

%: no teleportation
@: gold aura
A: horns 2, retaliatory headbutt
a: Renounce Religion, Potion Petition, Call Merchant, Bribe Branch


You were in the Dungeon.
You worshipped Gozag.
Gozag was pleased with you.
You visited 1 branch You collected 522 gold pieces.

Inventory:

Hand Weapons
 a - a +0 trident
 b - a +2 halberd of venom (weapon)
Armour
 c - a +1 scale mail (worn)
 d - a +0 buckler
 e - a +0 pair of boots (worn)
 f - a +0 pair of gloves (worn)
Jewellery
 k - a +3 ring of strength (left hand)
Wands
 h - a wand of light (10)
Scrolls
 j - 2 scrolls of blinking
Potions
 i - a potion of berserk rage


   Skills:
 + Level 11.8 Fighting
 * Level 15.7 Polearms
 + Level 11.8 Armour
 - Level 3.6 Shields


You had 7 spell levels left.
You didn't know any spells.
Your spell library was empty.

Dungeon Overview and Level Annotations

Branches:
Dungeon (1/1)

Altars:
Cheibriados
Dithmenos
Elyvilon
Fedhas
Gozag
Hepliaklqana
Kikubaaqudgha
Makhleb
Nemelex Xobeh
Okawaru
Qazlal
Ru
Sif Muna
Trog
Uskayaw
Vehumet
Wu Jian
Xom
Yredelemnul
Zin
The Shining One
Jiyva
Lugonu


Innate Abilities, Weirdness & Mutations

You have a pair of horns on your head.
You reflexively headbutt those who attack you in melee.


Message History

You kill the troll!
You slash the skeletal warrior! You headbutt the skeletal warrior.
The skeletal warrior is moderately damaged.
The meliai mumbles some strange prayers to its god against you.
Something smites you!
The skeletal warrior hits you with a +0 long sword!
You closely miss the skeletal warrior.
Your headbutt misses the skeletal warrior.
The skeletal warrior is moderately damaged.
The skeletal warrior hits you with a +0 long sword!!
You slash the skeletal warrior!
You headbutt the skeletal warrior, but do no damage.
The skeletal warrior is heavily damaged.
You hit the skeletal warrior but do no damage.
You headbutt the skeletal warrior!
The skeletal warrior is severely damaged.
The skeletal warrior hits you but does no damage.
You barely miss the skeletal warrior.
The skeletal warrior is severely damaged.
The skeletal warrior hits you with a +0 long sword!
* * * LOW HITPOINT WARNING * * *
You barely miss the skeletal warrior.
Your headbutt misses the skeletal warrior.
The skeletal warrior is severely damaged.
The skeletal warrior hits you with a +0 long sword.
* * * LOW HITPOINT WARNING * * *
You hit the skeletal warrior but do no damage.
The skeletal warrior is severely damaged.
You barely miss the skeletal warrior. You headbutt the skeletal warrior!
The skeletal warrior is almost destroyed.
The meliai mumbles some strange prayers to its god against you.
Something smites you!
* * * LOW HITPOINT WARNING * * *
The skeletal warrior barely misses you.
You slash the skeletal warrior!
You destroy the skeletal warrior!
The meliai calls down the wrath of its god upon you.
Something smites you!
You die...
Your body crumbles into a pile of gold. ▓▓▓▓▓▓▓▓▓▓▓▓▓▓▓▓▓▓▓▓▓▓▓▓ ...l{y$@.....)....=[)?!' ▓▓▓▓▓▓▓▓▓▓▓▓▓▓▓▓▓▓▓▓▓▓▓▓

You could see a komodo dragon and a meliai.

Vanquished Creatures
  A skeletal warrior (D)
  2 trolls (D)
  A vampire (D)
  A yak (D)
  A wraith (D)
  A wyvern (D)
  A phantom (D)
  2 kobold brigands (D)
  2 scorpions (D)
  2 hounds (D)
  A hobgoblin (D)
  A quokka (D)
  2 ball pythons (D)
  A frilled lizard (D)
19 creatures vanquished.

Notes
Turn   | Place    | Note
-------+----------+-------------------------------------------
     0 | D        | Heoruswealwe the Minotaur Fighter began the quest for the
                  | Orb.
     0 | D        | Reached XP level 1. HP: 19/19 MP: 0/0
    11 | D        | Reached skill level 3 in Polearms
    21 | D        | Noticed a hound
    21 | D        | Noticed a hound
    21 | D        | Noticed a scorpion
    21 | D        | Noticed a scorpion
    21 | D        | Noticed a phantom
    27 | D        | Killed a phantom
    28 | D        | Reached skill level 7 in Polearms
    28 | D        | Reached XP level 2. HP: 23/30 MP: 1/1
    28 | D        | Reached XP level 3. HP: 29/37 MP: 2/2
    28 | D        | Reached XP level 4. HP: 35/44 MP: 3/3
    30 | D        | Killed a scorpion
    31 | D        | Reached skill level 8 in Polearms
    31 | D        | Reached XP level 5. HP: 42/52 MP: 4/4
    32 | D        | Reached skill level 9 in Polearms
    38 | D        | Reached skill level 10 in Polearms
    49 | D        | Found a snail-covered altar of Cheibriados.
    49 | D        | Found a shadowy altar of Dithmenos.
    49 | D        | Found a white marble altar of Elyvilon.
    49 | D        | Found a blossoming altar of Fedhas.
    49 | D        | Found an opulent altar of Gozag.
    50 | D        | Found a hazy altar of Hepliaklqana.
    51 | D        | Found a viscous altar of Jiyva.
    52 | D        | Found an ancient bone altar of Kikubaaqudgha.
    53 | D        | Found a corrupted altar of Lugonu.
    54 | D        | Found a burning altar of Makhleb.
    55 | D        | Found a sparkling altar of Nemelex Xobeh.
    56 | D        | Found an iron altar of Okawaru.
    57 | D        | Became a worshipper of Gozag Ym Sagoz the Greedy
    58 | D        | Found a stormy altar of Qazlal.
    59 | D        | Found a sacrificial altar of Ru.
    60 | D        | Found a shimmering blue altar of Sif Muna.
    61 | D        | Found a bloodstained altar of Trog.
    62 | D        | Found a hide-covered altar of Uskayaw.
    63 | D        | Found a radiant altar of Vehumet.
    64 | D        | Found an ornate altar of the Wu Jian Council.
    65 | D        | Found a shimmering altar of Xom.
    66 | D        | Found a basalt altar of Yredelemnul.
    67 | D        | Found a glowing silver altar of Zin.
    68 | D        | Found a glowing golden altar of the Shining One.
   136 | D        | Noticed a vampire
   136 | D        | Noticed a wyvern
   136 | D        | Noticed a wraith
   136 | D        | Noticed a yak
   145 | D        | Killed a yak
   146 | D        | Reached skill level 12 in Polearms
   146 | D        | Reached XP level 6. HP: 26/63 MP: 5/5
   149 | D        | Killed a wraith
   150 | D        | Reached XP level 7. HP: 31/71 MP: 6/6
   153 | D        | Reached skill level 10 in Fighting
   153 | D        | Reached skill level 13 in Polearms
   153 | D        | Reached skill level 10 in Armour
   155 | D        | Killed a wyvern
   156 | D        | Reached skill level 14 in Polearms
   180 | D        | Killed a vampire
   366 | D        | Noticed a komodo dragon
   366 | D        | Noticed a meliai
   366 | D        | Noticed a skeletal warrior
   366 | D        | Noticed a troll
   366 | D        | Noticed a troll
   368 | D        | Killed a troll
   369 | D        | Reached skill level 15 in Polearms
   369 | D        | Reached XP level 8. HP: 82/82 MP: 7/7
   372 | D        | Killed a troll
   381 | D        | Killed a skeletal warrior
   381 | D        | Killed from afar by a meliai

Illustrated notes

Levels and vault maps discovered:
D:        linesprint [early_d, line_temple, items_1, d_10, items_2, lair_1,
          lair_end, items_3, orc_1, orc_end, items_4, d_15, swamp_1, shoals_1,
          snake_1, spider_1, d_20, vaults_1, items_5, swamp_end, shoals_end,
          snake_end, spider_end, vaults_end, d_27, items_6, zot_1, zot_end,
          crypt_end, forest_end, elf_end, slime_end, tomb_end, abyss_end,
          pan_hell_end]

Skill      XL: |  1  2  3  4  5  6  7 |
---------------+----------------------+-----
Polearms       | 7 8 12 15 | 15.7
Fighting       | 6 7 9 11 | 11.8
Armour         | 6 7 9 11 | 11.8
Shields        | |  3.6

Action                     |  1- 3 |  4- 6 |  7- 9 || total
---------------------------+-------+-------+-------++-------
  Melee: Trident           |    17 |    15 |       ||    32
         Headbutt          |     2 |     6 |    11 ||    19
         Halberd           |       |    13 |    41 ||    54
    Use: Potion            |       |       |    10 ||    10
   Stab: Distracted        |       |       |     1 ||     1
 Armour: Scale mail        |     9 |    12 |    39 ||    60
  Dodge: Dodged            |     3 |    12 |     5 ||    20
  Block: Buckler           |     3 |     1 |       ||     4
